 Dungeon Crawl Stone Soup version 0.17.0 (webtiles) character file.

228082 Eucla the Warrior (level 18, -17/180 HPs)
             Began as a Minotaur Gladiator on Nov 14, 2015.
             Was a High Priest of Okawaru.
             Demolished by a merfolk javelineer
             ... wielding a +0 spear
              (20 damage)
             ... on level 4 of the Shoals.
             The game lasted 01:31:17 (43742 turns).

Eucla the Warrior (Minotaur Gladiator)             Turns: 43742, Time: 01:31:17

Health: -17/180    AC: 18    Str: 38    XL:     18   Next: 69%
Magic:  5/5        EV: 16    Int: 13    God:    Okawaru [*****.]
Gold:   1111       SH:  0    Dex: 21    Spells: 0 memorised, 17 levels left

rFire  + + .     SeeInvis +     F - +5 broad axe "Jucod" {antimagic, rF++ rC- Int+4}
rCold  . . .     Clarity  .     S - +4 robe of Augmentation {Str+4 Int+4 Dex+4}
rNeg   . . .     SustAt   .     z - +0 shield {reflect}
rPois  +         Gourm    .     C - +2 hat {SInv}
rElec  .         Spirit   .     I - +1 cloak {rPois}
rCorr  .         Warding  .     i - +2 pair of gloves
rMut   .         Stasis   .     X - +0 pair of boots
MR     +....                    W - amulet of rage
Stlth  ++........               y - ring of poison resistance
                                U - ring "Leuwk" {Wiz rC+ Str+7 SInv}

@: mighty, heroism, mesmerised, held, slowed, glowing, very slow, somewhat
resistant to hostile enchantments, unstealthy
A: retaliatory headbutt, horns 2
a: Heroism, Finesse, Renounce Religion, Evoke Berserk Rage
}: 1/15 runes: gossamer


You were on level 4 of the Shoals.
You worshipped Okawaru.
Okawaru was extremely pleased with you.
You were not hungry.

You visited 6 branches of the dungeon, and saw 36 of its levels.
You also visited: Labyrinth and Ice Cave.

You collected 4038 gold pieces.
You spent 2927 gold pieces at shops.

Inventory:

Hand Weapons
 m - the +3 executioner's axe "Ruemud" {freeze, rPois MR+ Int-4}
   (Okawaru gifted it to you on level 1 of the Spider Nest)

   It has been specially enchanted to freeze those struck by it, causing extra
   injury to most foes and up to half again as much damage against particularly
   susceptible opponents.
   It can also slow down cold-blooded creatures.
   It affects your intelligence (-4).
   It protects you from poison.
   It affects your resistance to hostile enchantments.
 F - the +5 broad axe "Jucod" (weapon) {antimagic, rF++ rC- Int+4}
   (Okawaru gifted it to you on level 13 of the Dungeon)

   It disrupts the flow of magical energy around spellcasters and certain
   magical creatures (including the wielder).
   It affects your intelligence (+4).
   It greatly protects you from fire.
   It makes you vulnerable to cold.
 G - a +1 battleaxe of electrocution
Armour
 i - a +2 pair of gloves (worn)
 z - a +0 shield of reflection (worn)
 C - a +2 hat of see invisible (worn)
 I - a +1 cloak of poison resistance (worn)
 S - the +4 robe of Augmentation (worn) {Str+4 Int+4 Dex+4}
   (You took it off a minotaur in a labyrinth)

   It affects your strength (+4).
   It affects your intelligence (+4).
   It affects your dexterity (+4).
 X - a +0 pair of boots (worn)
 Y - the +1 cloak of Death Resistance {rN+ MR+}
   (You acquired it on level 2 of the Spider Nest)

   It protects you from negative energy.
   It affects your resistance to hostile enchantments.
Rods
 b - a +2 rod of clouds (13/13)
   (You found it on level 6 of the Dungeon)
 A - a +1 rod of ignition (12/12)
   (You took it off a minotaur in a labyrinth)
 N - a +2 iron rod (9/9)
   (You found it in a labyrinth)
Jewellery
 u - the ring "Paedee" {Ice Str+4}
   (You found it on level 4 of the Dungeon)

   [ring of ice]

   It enhances your ice magic, and weakens your fire magic.
   It affects your strength (+4).
   It makes you vulnerable to fire.
   It protects you from cold.
 y - a ring of poison resistance (right hand)
 D - a +2 ring of strength {unknown}
 E - an uncursed ring of protection from cold
 Q - an uncursed ring of fire
 U - the ring "Leuwk" (left hand) {Wiz rC+ Str+7 SInv}
   (You bought it in a shop on level 13 of the Dungeon)

   [ring of wizardry]

   It improves your spell success rate.
   It affects your strength (+7).
   It protects you from cold.
   It lets you see invisible.
 W - an amulet of rage (around neck)
Wands
 j - a wand of teleportation (4)
 p - a wand of digging (9)
 O - a wand of cold (0)
Scrolls
 d - 4 scrolls of identify
 f - 4 scrolls of enchant weapon
 h - 6 scrolls of fear
 k - 18 scrolls of remove curse
 l - 6 scrolls of fog
 r - 4 scrolls of recharging
 s - 9 scrolls of enchant armour
 B - 2 scrolls of teleportation
 L - 2 scrolls of magic mapping
 R - a scroll of silence
Potions
 g - 8 potions of brilliance
 n - 4 potions of agility
 o - 3 potions of might
 v - 2 potions of haste
 w - 2 potions of magic
 K - a potion of cure mutation
 M - 7 potions of flight
 P - 4 potions of invisibility
 V - 4 potions of resistance
Miscellaneous
 c - a box of beasts {used: 7}
Comestibles
 e - 13 bread rations
 H - 3 meat rations


   Skills:
 + Level 20.4(25.4) Fighting
 + Level 20.2(25.2) Axes
 - Level 2.0(7.0) Throwing
 - Level 16.1(21.1) Armour
 - Level 16.0(21.0) Dodging
 + Level 13.5(18.5) Shields


You had 17 spell levels left.
You didn't know any spells.

Dungeon Overview and Level Annotations

Branches:
Dungeon (15/15)            Temple (1/1) D:4            Lair (8/8) D:11
 Shoals (4/4) Lair:3       Spider (4/4) Lair:6        Slime (0/6) Lair:6
    Orc (4/4) D:11            Elf (0/3) Orc:4        Vaults (0/5) D:14
 Depths (0/5) D:15

Altars:
Ashenzari
Cheibriados
Dithmenos
Elyvilon
Fedhas
Kikubaaqudgha
Makhleb
Nemelex Xobeh
Okawaru
Qazlal
Ru
Trog
Vehumet
Xom
Yredelemnul
Zin
The Shining One
Beogh
Jiyva

Shops:
D:6 [   D:10 %   D:11 [   D:13 *%%=%   D:14 *   D:15 (   Orc:2 ?   Orc:4 :(*[
Shoals:3 :   Shoals:4 ?

Portals:
Hell: Lair:8

Annotations:
Shoals:4 Aizul, Ilsuiw


Innate Abilities, Weirdness & Mutations

You reflexively headbutt those who attack you in melee.
You have a pair of horns on your head.


Message History

The throwing net hits you.
You become entangled in the net!
You see here a throwing net.
Unknown command.
You struggle against the net.
The merfolk avatar chants its luring song.
The merfolk javelineer hits you from afar with a spear.
* * * LOW HITPOINT WARNING * * *
The faun shoots a stone.
The stone hits you but does no damage.
The merfolk avatar chants its luring song.
The merfolk javelineer closely misses you.
Unknown command.
You slice into the net.
The merfolk impaler hits you from afar with a trident!
* * * LOW HITPOINT WARNING * * *
The faun shoots a stone.
The stone hits you.
* * * LOW HITPOINT WARNING * * *
The merfolk avatar chants its luring song.
The merfolk impaler closely misses you.
The merfolk javelineer hits you from afar with a spear!!
You die...

≈≈≈≈≈≈≈≈≈≈≈.≈≈P≈≈≈≈≈≈≈
≈≈≈≈≈≈...≈≈≈P..P≈≈≈≈≈≈
........".......≈≈≈≈≈≈
..........P.P..:..≈≈(.
......m...PP......≈≈≈.
..................≈≈≈.
......((...P......P≈≈≈
...m(.........P..P≈P≈≈
.....8.@..(.(...P..≈≈≈
.......)(.c).(....≈≈≈≈
...8.∩.8mm()≈.≈≈≈≈≈≈≈≈
....P.(((<)(≈≈((≈≈≈≈≈≈
.....8P(..≈≈≈≈(≈≈≈≈≈≈≈
......(≈≈P(≈≈≈≈≈≈≈≈≈≈≈
....PP≈P≈≈≈≈≈≈≈≈≈≈≈≈≈≈
...P.(≈P≈≈≈≈≈≈≈P≈≈≈c≈≈
.....P≈≈≈≈P≈≈≈≈≈≈≈/..


You could see a merfolk avatar, a merfolk impaler, a merfolk javelineer, a
merfolk and a faun.

Vanquished Creatures
  Arachne (Spider:3)
  Rupert (Lair:5)
  Asterion (Spider:2)
  2 acid blobs (Lair:6)
  A kraken (Shoals:2)
  The ghost of gg19 the Black Belt, an adept MfTm of Makhleb (Shoals:4)
  Gastronok (Lair:1)
  Agnes (Spider:3)
  Roxanne (Spider:3)
  A frost giant (IceCv)
  Donald (D:14)
  Maud (Lair:8)
  3 ghost moths (Spider:4)
  An orc warlord (Orc:4)
  3 emperor scorpions (Spider:4)
  The ghost of Wraiths the Acrobat, an adept SpEn of Dithmenos (Shoals:4)
  Nessos (Orc:4)
  A merfolk javelineer (Shoals:1)
  An ogre mage (D:15)
  A minotaur (Lab)
  The ghost of Ark the Blocker, a journeyman FoFi of Ashenzari (D:15)
  4 merfolk impalers
  5 entropy weavers
  Fannar (D:10)
  11 hydras
  A catoblepas (Lair:8)
  A rakshasa (D:15)
  4 merfolk avatars
  5 death yaks
  8 merfolk aquamancers (Shoals:1)
  2 centaur warriors
  6 tengu warriors
  2 orc high priests (Orc:4)
  2 satyrs
  Urug (Orc:3)
  2 wizards
  Sonja (Orc:2)
  Nergalle (Orc:2)
  A sun demon (Lair:8)
  A skeletal warrior (D:14)
  5 orc knights
  4 hill giants
  19 sea snakes
  4 harpies
  3 unseen horrors
  A harpy (shapeshifter) (D:13)
  2 giant orange brains
  14 ugly things
  A lindwurm (Lair:5)
  10 orb spiders
  27 wolf spiders
  21 fauns
  A hornet (shapeshifter) (D:15)
  8 water nymphs
  3 orc sorcerers (Orc:4)
  7 slime creatures
  8 hornets
  7 griffons
  5 cyclopes
  10 sirens
  3 centaur zombies
  A smoke demon (Lair:8)
  5 torpor snails
  8 manticores
  An ice statue (IceCv)
  22 spiny frogs
  3 orange demons (Lair:8)
  2 moths of wrath
  A gargoyle (D:14)
  9 black mambas
  2 efreet (D:15)
  An eye of devastation (shapeshifter) (D:15)
  A spiny frog (shapeshifter) (D:15)
  8 demonic crawlers
  4 red devils (Lair:8)
  2 fire drakes
  29 jumping spiders
  9 komodo dragons
  6 trolls
  A tengu conjurer (D:14)
  3 two-headed ogres (D:15)
  A hellwing (Lair:8)
  3 blue devils (Lair:8)
  30 merfolk
  Grinder (D:6)
  16 blink frogs
  16 polar bears (IceCv)
  8 snapping turtles
  2 boulder beetles (Spider:4)
  A vampire (D:15)
  28 tarantellas
  4 wyverns
  4 water elementals
  32 trapdoor spiders
  34 redbacks
  A wraith (D:13)
  16 humans (D:14)
  A basilisk (shapeshifter) (D:15)
  52 yaks
  A spriggan (D:7)
  2 basilisks (D:15)
  15 hippogriffs
  43 wolves
  2 vampire mosquitoes (D:15)
  7 hungry ghosts
  Menkaure (D:7)
  2 steam dragons
  Edmund (D:4)
  8 wargs
  2 soldier ants
  20 water moccasins
  17 porcupines
  Duvessa (D:6)
  31 orc warriors
  23 spiders
  4 black bears
  An eye of draining (D:12)
  5 sky beasts
  A wasp (Lair:6)
  The ghost of Ark the Skirmisher, an amateur FoAK of Lugonu (D:6)
  19 crocodiles
  10 ogres
  12 centaurs
  A gnoll sergeant (D:8)
  A big kobold (D:14)
  22 giant frogs
  A wyvern zombie (D:12)
  Dowan (D:6)
  3 small abominations (D:13)
  A wyvern skeleton (D:14)
  6 scorpions
  30 killer bees
  6 electric eels
  29 wights
  A quasit (D:11)
  4 crimson imps
  A wyvern simulacrum (D:14)
  A giant frog zombie (D:10)
  2 jellies
  28 orc priests
  7 hounds
  9 iguanas
  3 centaur skeletons
  34 orc wizards
  6 hell rats (Lair:6)
  4 worker ants
  28 sheep
  A hound zombie (D:7)
  4 gnolls (D:8)
  Robin (D:2)
  118 river rats
  2 worker ant zombies
  5 shadow imps
  13 adders
  A giant eyeball (D:13)
  4 oozes
  2 adder skeletons
  11 worms
  10 giant geckos
  182 orcs
  A ball python (D:4)
  8 bats
  17 goblins
  13 hobgoblins
  13 jackals
  4 quokkas
  8 giant cockroaches
  5 giant newts
  9 kobolds
  A quokka skeleton (D:3)
  9 rats
  12 fungi
  23 plants
  3 tentacles (Shoals:2)
  A tentacle segment (Shoals:2)
1555 creatures vanquished.

Vanquished Creatures (collateral kills)
  An orb spider (Spider:4)
  A manticore (Shoals:3)
  4 merfolk (Shoals:3)
6 creatures vanquished.

Vanquished Creatures (others)
  A merfolk javelineer (Shoals:4)
  A satyr (Shoals:4)
  A water nymph (Shoals:4)
  A centaur (Shoals:1)
  An orc wizard (D:3)
  36 fungi
  43 plants
  7 tentacles (Shoals:2)
  368 tentacle segments (Shoals:2)
459 creatures vanquished.

Grand Total: 2020 creatures vanquished

Notes
Turn   | Place    | Note
--------------------------------------------------------------
     0 | D:1      | Eucla the Minotaur Gladiator began the quest for the Orb.
     0 | D:1      | Reached XP level 1. HP: 18/18 MP: 0/0
   131 | D:1      | Reached XP level 2. HP: 25/25 MP: 1/1
   170 | D:1      | Reached skill level 1 in Armour
   424 | D:1      | Reached skill level 4 in Axes
   424 | D:1      | Reached XP level 3. HP: 16/31 MP: 2/2
   745 | D:2      | Noticed Robin
   776 | D:2      | HP: 1/31 [Robin/spear (1)]
   778 | D:2      | Killed Robin
  1184 | D:2      | Reached XP level 4. HP: 33/38 MP: 3/3
  1799 | D:3      | Reached XP level 5. HP: 41/46 MP: 4/4
  2147 | D:3      | Reached skill level 5 in Axes
  2608 | D:3      | Reached XP level 6. HP: 49/53 MP: 5/5
  2819 | D:4      | Found a staircase to the Ecumenical Temple.
  2832 | D:4      | Got a transparent glass ring
  2838 | D:4      | Identified the ring "Paedee" {Ice Str+4} (You found it on level 4 of the Dungeon)
  2861 | Temple   | Entered the Ecumenical Temple
  2880 | Temple   | Became a worshipper of Warmaster Okawaru
  2902 | D:4      | Found a shadowy altar of Dithmenos.
  2932 | D:4      | Noticed Edmund
  2950 | D:4      | Killed Edmund
  2950 | D:4      | Reached skill level 5 in Fighting
  3290 | D:4      | Found a stormy altar of Qazlal.
  3292 | D:4      | Noticed a fire elemental
  3396 | D:4      | Noticed an air elemental
  3396 | D:4      | Noticed a water elemental
  3552 | D:4      | Found a burning altar of Makhleb.
  3553 | D:4      | Found a radiant altar of Vehumet.
  3558 | D:4      | Reached skill level 5 in Dodging
  3644 | D:5      | Entered Level 5 of the Dungeon
  3703 | D:5      | Reached * piety under Okawaru
  3742 | D:5      | Reached XP level 7. HP: 58/61 MP: 6/6
  3897 | D:5      | Reached skill level 6 in Axes
  4229 | D:6      | Identified a +0 rod of clouds (12/12) (You found it on level 6 of the Dungeon)
  4259 | D:6      | Noticed Ark's ghost (amateur FoAK)
  4276 | D:6      | Killed Ark's ghost
  4536 | D:6      | Found Zadd's Antique Armour Boutique.
  4649 | D:6      | Reached skill level 5 in Armour
  4708 | D:6      | Reached ** piety under Okawaru
  4708 | D:6      | Reached XP level 8. HP: 47/70 MP: 2/7
  4736 | D:6      | Noticed Grinder
  4740 | D:6      | Paralysed by Grinder for 6 turns
  4751 | D:6      | Killed Grinder
  4922 | D:6      | Noticed Duvessa
  4922 | D:6      | Noticed Dowan
  4930 | D:6      | Killed Duvessa
  4930 | D:6      | Reached skill level 7 in Axes
  4933 | D:6      | Killed Dowan
  5381 | D:7      | Reached *** piety under Okawaru
  5383 | D:7      | Noticed Menkaure
  5388 | D:7      | Reached XP level 9. HP: 70/80 MP: 5/8
  5393 | D:7      | Killed Menkaure
  5393 | D:7      | Reached skill level 8 in Axes
  5876 | D:8      | Found a glowing golden altar of the Shining One.
  5878 | D:8      | Noticed an angel
  5883 | D:8      | Found a basalt altar of Yredelemnul.
  5885 | D:8      | Noticed a profane servitor
  6076 | D:8      | Reached **** piety under Okawaru
  6196 | D:8      | Reached skill level 9 in Axes
  6943 | D:9      | Reached XP level 10. HP: 88/91 MP: 7/9
  7127 | D:9      | Found a sparkling altar of Nemelex Xobeh.
  7176 | D:9      | Found a snail-covered altar of Cheibriados.
  7184 | D:9      | Reached ***** piety under Okawaru
  7573 | D:10     | Entered Level 10 of the Dungeon
  7672 | D:10     | Reached skill level 10 in Axes
  7699 | D:10     | Received a gift from Okawaru
  7699 | D:10     | Reached skill level 10 in Fighting
  7886 | D:10     | Noticed Fannar
  7914 | D:10     | Killed Fannar
  8280 | D:10     | Noticed a hill giant
  8292 | D:10     | Killed a hill giant
  8292 | D:10     | Received a gift from Okawaru
  8292 | D:10     | Reached skill level 10 in Armour
  8919 | D:10     | Found Haeres's Food Shop.
  9088 | D:10     | Reached XP level 11. HP: 98/101 MP: 10/10
  9518 | D:11     | Reached skill level 10 in Dodging
  9547 | D:11     | Found a staircase to the Orcish Mines.
  9559 | D:11     | Reached skill level 11 in Axes
  9748 | D:11     | Noticed a hill giant
  9755 | D:11     | Killed a hill giant
 10051 | D:11     | Found a staircase to the Lair.
 10074 | D:11     | Received a gift from Okawaru
 10266 | D:11     | Found Yzih's Armour Shoppe.
 10543 | Lair:1   | Entered Level 1 of the Lair of Beasts
 10672 | Lair:1   | Identified a scroll of acquirement
 10704 | Lair:1   | Noticed a five-headed hydra
 11157 | Lair:1   | Noticed Gastronok
 11174 | Lair:1   | Killed Gastronok
 11174 | Lair:1   | Received a gift from Okawaru
 11174 | Lair:1   | Reached ****** piety under Okawaru
 11891 | Lair:1   | Reached skill level 12 in Axes
 11894 | Lair:1   | Reached XP level 12. HP: 92/112 MP: 11/11
 12198 | Lair:1   | Killed a two-headed hydra
 12311 | Lair:2   | Received a gift from Okawaru
 13082 | Lair:2   | Noticed a four-headed hydra
 13088 | Lair:2   | Killed a two-headed hydra
 13088 | Lair:2   | Received a gift from Okawaru
 13387 | Lair:2   | Reached skill level 13 in Axes
 13934 | Lair:3   | Reached XP level 13. HP: 96/122 MP: 12/12
 14247 | Lair:3   | Noticed a six-headed hydra
 14254 | Lair:3   | Killed a four-headed hydra
 14537 | Lair:3   | Found a staircase to the Shoals.
 14865 | Lair:4   | Found a shimmering altar of Xom.
 15072 | Lair:4   | Received a gift from Okawaru
 15075 | Lair:4   | Got an ichor-stained cloak {god gift}
 15086 | Lair:4   | Identified the +1 cloak "Rodet" {+Blink rCorr Int-5} (Okawaru gifted it to you on level 4 of the Lair of Beasts)
 15086 | Lair:4   | Lost intelligence.
 15863 | Lair:5   | Reached skill level 14 in Fighting
 16150 | Lair:5   | Noticed Rupert
 16171 | Lair:5   | Killed Rupert
 16487 | Lair:6   | Found a frozen archway.
 16507 | IceCv    | Entered an ice cave
 16993 | IceCv    | Noticed a frost giant
 17005 | IceCv    | Killed a frost giant
 17006 | IceCv    | Reached XP level 14. HP: 133/133 MP: 10/13
 17010 | IceCv    | Received a gift from Okawaru
 17512 | Lair:6   | Found a hole to the Spider Nest.
 17945 | Lair:6   | Found a runed door.
 17945 | Lair:6   | Found a viscous altar of Jiyva.
 17945 | Lair:6   | Found a staircase to the Slime Pits.
 17945 | Lair:6   | Noticed an acid blob
 17945 | Lair:6   | Noticed an acid blob
 17961 | Lair:6   | Killed an acid blob
 17969 | Lair:6   | Killed an acid blob
 17969 | Lair:6   | Reached skill level 15 in Fighting
 19397 | Lair:8   | Entered Level 8 of the Lair of Beasts
 19421 | Lair:8   | Noticed Maud
 19439 | Lair:8   | Killed Maud
 19862 | Lair:8   | Reached skill level 15 in Axes
 20114 | Lair:8   | Reached skill level 15 in Armour
 20378 | Lair:8   | Received a gift from Okawaru
 21275 | Lair:8   | Reached skill level 16 in Fighting
 21653 | Lair:8   | Found a burning altar of Makhleb.
 21753 | Lair:8   | Received a gift from Okawaru
 21753 | Lair:8   | Reached XP level 15. HP: 100/144 MP: 14/14
 21998 | Lair:8   | Received a gift from Okawaru
 22023 | Lair:8   | Found a gateway to Hell.
 22788 | D:12     | Found a labyrinth entrance.
 22799 | Lab      | Entered a labyrinth
 24676 | Lab      | Got a pitted platinum ring
 24715 | Lab      | Identified a cursed +1 rod of ignition (12/12) (You took it off a minotaur in a labyrinth)
 24716 | Lab      | Identified a -1 rod of destruction (14/14) (You found it in a labyrinth)
 24719 | Lab      | Identified the ring "Waos" {Wiz *Confuse rN+ Str+6} (You took it off a minotaur in a labyrinth)
 25546 | D:13     | Received a gift from Okawaru
 25550 | D:13     | Got a scorched broad axe {god gift}
 25550 | D:13     | Got a crude leather armour
 25551 | D:13     | Identified the +5 broad axe "Jucod" {antimagic, rF++ rC- Int+4} (Okawaru gifted it to you on level 13 of the Dungeon)
 25569 | D:13     | Found Callanet's Food Emporium.
 25665 | D:13     | Found Qugu's Food Shop.
 25775 | D:13     | Found a roughly hewn altar of Beogh.
 25823 | D:13     | Found Izxiraubb's Food Shop.
 25841 | D:13     | Found Hiddyon's Jewellery Boutique.
 25849 | D:13     | Bought the ring "Leuwk" {Wiz rC+ Str+7 SInv} for 880 gold pieces
 25876 | D:13     | Found Ciucruu's Assorted Antiques.
 25883 | D:13     | Bought a wooden wand for 104 gold pieces
 25893 | D:13     | Identified the +3 leather armour "Hero's Friend" {+Blink rElec MP+9 Int-5} (You found it on level 13 of the Dungeon)
 25905 | D:13     | Bought a scroll labeled FOAXAOHASYA for 26 gold pieces
 25905 | D:13     | Bought a shiny chain mail for 117 gold pieces
 26226 | D:14     | Found Watik's Assorted Antiques.
 26229 | D:14     | Bought a scroll of teleportation for 63 gold pieces
 26286 | D:14     | Reached skill level 15 in Dodging
 26462 | D:14     | Found a gate to the Vaults.
 26493 | D:14     | Noticed Donald
 26538 | D:14     | Killed Donald
 26696 | D:14     | Found a sacrificial altar of Ru.
 26933 | D:14     | Reached skill level 1 in Shields
 27098 | D:15     | Entered Level 15 of the Dungeon
 27113 | D:15     | Received a gift from Okawaru
 27150 | D:15     | Reached skill level 17 in Fighting
 27152 | D:15     | Noticed Ark's ghost (journeyman FoFi)
 27334 | D:15     | Killed Ark's ghost
 27740 | D:15     | Found Fonk's Antique Weapon Boutique.
 27748 | D:15     | Bought a scorched broad axe for 360 gold pieces
 27748 | D:15     | Identified the +2 broad axe "Ilyraf" {chop, rN+ Str-5 Int+7} (You bought it in a shop on level 15 of the Dungeon)
 27800 | D:15     | Found a staircase to the Depths.
 27870 | D:15     | Received a gift from Okawaru
 27870 | D:15     | Reached XP level 16. HP: 78/155 MP: 2/15
 28748 | Orc:1    | Entered Level 1 of the Orcish Mines
 29187 | Orc:2    | Found Vikhlas's Magic Scroll Shop.
 29205 | Orc:2    | Bought a scroll of blinking for 82 gold pieces
 29244 | Orc:2    | Noticed Sonja
 29249 | Orc:2    | Killed Sonja
 29302 | Orc:2    | Noticed Nergalle
 29310 | Orc:2    | Killed Nergalle
 29353 | Orc:2    | Found a bloodstained altar of Trog.
 29433 | Orc:3    | Noticed Urug
 29441 | Orc:3    | Killed Urug
 29753 | Orc:3    | Reached skill level 5 in Shields
 29852 | Orc:4    | Entered Level 4 of the Orcish Mines
 30660 | Orc:4    | Found a staircase to the Elven Halls.
 30806 | Orc:4    | Found a roughly hewn altar of Beogh.
 30938 | Orc:4    | Found a roughly hewn altar of Beogh.
 30967 | Orc:4    | Found Akoc's Antique Armour Shop.
 31419 | Orc:4    | Noticed Nessos
 31424 | Orc:4    | Killed Nessos
 31463 | Orc:4    | Found Heraa's Antique Weapon Shop.
 31494 | Orc:4    | Found Caxzoimp's Book Shop.
 31510 | Orc:4    | Found Oggoudif's General Store.
 31529 | Orc:4    | Bought a potion of cure mutation for 560 gold pieces
 31564 | Orc:4    | Bought a fine ring mail for 225 gold pieces
 31574 | Orc:4    | Identified the cursed +0 ring mail "Gutuinem" {rPois rC+ Slay-6} (You bought it in a shop on level 4 of the Orcish Mines)
 32155 | Spider:1 | Entered Level 1 of the Spider Nest
 32580 | Spider:1 | Received a gift from Okawaru
 32617 | Spider:1 | Got a transparent executioner's axe {god gift}
 33089 | Spider:2 | Reached skill level 18 in Fighting
 33166 | Spider:2 | Got a twisted cloak
 33177 | Spider:2 | Identified the +1 cloak of Death Resistance {rN+ MR+} (You acquired it on level 2 of the Spider Nest)
 33865 | Spider:2 | Identified the +3 executioner's axe "Ruemud" {freeze, rPois MR+ Int-4} (Okawaru gifted it to you on level 1 of the Spider Nest)
 34250 | Spider:2 | Received a gift from Okawaru
 35013 | Spider:3 | Noticed Arachne
 35013 | Spider:3 | Noticed Asterion
 35032 | Spider:2 | Killed Asterion
 35144 | Spider:3 | Killed Arachne
 35150 | Spider:3 | Reached XP level 17. HP: 146/166 MP: 4/16
 35385 | Spider:3 | Noticed Agnes
 35399 | Spider:3 | Killed Agnes
 35525 | Spider:3 | Noticed Roxanne
 35691 | Spider:3 | Killed Roxanne
 35972 | Spider:4 | Entered Level 4 of the Spider Nest
 36924 | Spider:4 | Received a gift from Okawaru
 36927 | Spider:4 | Got a fine battleaxe {god gift}
 37077 | Spider:4 | Identified the +0 battleaxe "Impbane" {flame, *Drain Int+3} (Okawaru gifted it to you on level 4 of the Spider Nest)
 37113 | Spider:4 | Reached skill level 10 in Shields
 37178 | Spider:4 | Reached skill level 19 in Fighting
 37705 | Spider:4 | Got a gossamer rune of Zot
 38160 | Shoals:1 | Entered Level 1 of the Shoals
 38240 | Shoals:1 | Received a gift from Okawaru
 38570 | Shoals:1 | Found Gaesed's Food Shop.
 38579 | Shoals:1 | Bought a meat ration for 60 gold pieces
 38579 | Shoals:1 | Bought a royal jelly for 24 gold pieces
 38579 | Shoals:1 | Bought a bread ration for 60 gold pieces
 38579 | Shoals:1 | Bought 4 fruits for 72 gold pieces
 38579 | Shoals:1 | Bought a meat ration for 60 gold pieces
 38579 | Shoals:1 | Bought a beef jerky for 18 gold pieces
 38579 | Shoals:1 | Bought a meat ration for 60 gold pieces
 38579 | Shoals:1 | Bought a bread ration for 60 gold pieces
 38579 | Shoals:1 | Bought a beef jerky for 18 gold pieces
 38579 | Shoals:1 | Bought a beef jerky for 18 gold pieces
 38579 | Shoals:1 | Bought a bread ration for 60 gold pieces
 39191 | Shoals:1 | Reached XP level 18. HP: 174/178 MP: 5/17
 39554 | Shoals:2 | HP: 3/178 [satyr/arrow (25)]
 40009 | Shoals:2 | Received a gift from Okawaru
 41036 | Shoals:3 | Reached skill level 20 in Fighting
 41044 | Shoals:3 | Found Ceyfeqavu's Book Boutique.
 42552 | Shoals:4 | Entered Level 4 of the Shoals
 42569 | Shoals:4 | Noticed gg19's ghost (adept MfTm)
 42589 | Shoals:4 | Killed gg19's ghost
 42858 | Shoals:4 | Noticed Aizul
 43225 | Shoals:4 | Noticed Ilsuiw
 43229 | Shoals:4 | Found Caxt's Magic Scroll Emporium.
 43231 | Shoals:4 | HP: 7/179 [water nymph/the raging water (17)]
 43718 | Shoals:4 | Noticed Wraiths's ghost (adept SpEn)
 43730 | Shoals:4 | Killed Wraiths's ghost
 43742 | Shoals:4 | HP: 8/180 [merfolk impaler/trident (9)]
 43742 | Shoals:4 | HP: 3/180 [faun/stone (5)]
 43742 | Shoals:4 | Demolished by a merfolk javelineer

Action                   |  1- 3 |  4- 6 |  7- 9 | 10-12 | 13-15 | 16-18 || total
-------------------------+-------+-------+-------+-------+-------+-------++-------
Melee: War axe           |    90 |   159 |    46 |       |       |       ||   295
       Hand axe          |       |       |    58 |       |       |       ||    58
       Battleaxe         |       |       |   119 |   486 |  1003 |       ||  1608
       Broad axe         |       |       |       |       |   261 |  1474 ||  1735
       Executioner's axe |       |       |       |       |       |     1 ||     1
Invok: Heroism           |       |       |     3 |     3 |    14 |    17 ||    37
       Finesse           |       |       |       |     1 |     1 |       ||     2
 Abil: Evoke Berserk Rag |       |       |       |     1 |     4 |     6 ||    11
Evoke: Rod               |       |       |     2 |       |     1 |     2 ||     5
       Wand              |       |       |       |       |       |     8 ||     8
       Box of beasts     |       |       |       |       |       |     7 ||     7
       Phantom mirror    |       |       |       |       |       |     1 ||     1
  Use: Potion            |     2 |     2 |       |       |     8 |    18 ||    30
       Scroll            |       |       |     7 |    20 |    17 |    21 ||    65
 Stab: Sleeping          |     1 |       |       |       |     1 |     3 ||     5
       Distracted        |       |       |       |       |       |     3 ||     3
       Invisible         |       |       |       |       |       |     4 ||     4
  Eat: Chunk             |     1 |     4 |     9 |     5 |     8 |     9 ||    36
       Meat ration       |       |     1 |     2 |     2 |     4 |     1 ||    10
       Beef jerky        |       |       |     2 |       |     2 |     6 ||    10
       Fruit             |       |       |     1 |       |     6 |     9 ||    16
       Royal jelly       |       |       |       |       |     1 |     2 ||     3
       Bread ration      |       |       |       |       |     4 |     5 ||     9
       Pizza             |       |       |       |       |     1 |     1 ||     2
